 Dungeon Sprint DCSS version 0.17-a0-2024-gc284f19 (webtiles) character file.

3122 Ordine the Grappler (level 9, -15/107 HPs)
             Began as a Troll Berserker on Oct 9, 2015.
             Was the Champion of Trog.
             Demolished by a death cob (23 damage)
             ... in the Dungeon (Sprint VII: "The Pits").
             The game lasted 00:07:29 (1413 turns).

Ordine the Grappler (Troll Berserker)               Turns: 1413, Time: 00:07:30

Health: -15/107    AC:  8    Str: 27    XL:     9   Next: 60%
Magic:  8/8        EV: 14    Int:  3    God:    Trog [******]
Gold:   0          SH:  0    Dex: 15    Spells: 0 memorised, 8 levels left

rFire  . . .     SeeInvis .       - Unarmed
rCold  . . .     Clarity  .     a - +0 animal skin
rNeg   . . .     SustAt   .     (no shield)
rPois  .         Gourm    +     (helmet restricted)
rElec  .         Spirit   .     (no cloak)
rCorr  .         Warding  .     (gloves unavailable)
rMut   .         NoTele   +     (boots unavailable)
MR     .....                    (no amulet)
Stlth  +.........               p - +3 ring of dexterity
                                o - +3 ring of protection

@: lethally poisoned (-15 -> -16), exhausted, slowed, very slow, not resistant
to hostile enchantments, very unstealthy
A: unfitting armour, claws 3, fast metabolism 3, gourmand, regeneration 2,
shaggy fur 1, tough skin 2
a: Burn Spellbooks, Berserk, Trog's Hand, Brothers in Arms, Renounce Religion


You were in the Dungeon.
You worshipped Trog.
Trog was exalted by your worship.
You were not hungry.

You visited 1 branch

Inventory:

Armour
 a - a +0 animal skin (worn)
Jewellery
 o - a +3 ring of protection (left claw)
 p - a +3 ring of dexterity (right claw)
Scrolls
 h - a scroll of blinking
 l - 3 scrolls of remove curse
 m - a scroll of summoning
Potions
 c - 8 potions of curing
 d - 7 potions of heal wounds
 e - a potion of haste
 f - 4 potions of magic
 g - 4 potions of berserk rage
 k - 2 potions of invisibility
 q - 2 potions of agility
 r - a potion of cure mutation
 s - a potion of brilliance
Comestibles
 b - 9 bread rations
 i - 40 fruits
 j - 6 meat rations


   Skills:
 - Level 12.5 Fighting
 + Level 7.1 Dodging
 - Level 14.5 Unarmed Combat


You had 8 spell levels left.
You didn't know any spells.

Dungeon Overview and Level Annotations

Branches:
Dungeon (1/1)

Altars:
Ashenzari
Cheibriados
Dithmenos
Elyvilon
Fedhas
Gozag
Kikubaaqudgha
Makhleb
Nemelex Xobeh
Okawaru
Qazlal
Ru
Sif Muna
Trog
Vehumet
Xom
Yredelemnul
Zin
The Shining One
Beogh
Jiyva
Lugonu


Innate Abilities, Weirdness & Mutations

You are too large for most types of armour.
You have claws for hands.
Your metabolism is lightning-fast.
You like to eat raw meat.
You heal very quickly.
You are covered in fur (AC +1).
You have very tough skin (AC +2).


Message History

Your hill giant closely misses the spriggan.
Unknown command.
You eviscerate the death cob!!!
The death cob is almost destroyed.
You are no longer berserk.
You are exhausted.
You feel yourself slow down.
You are starving!
You feel sick. The death cob closely misses you.
The ynoxinul hits your hill giant. The death cob hits you!!
* * * LOW HITPOINT WARNING * * *
You feel somewhat more hungry.
Eat which item? (? for menu, Esc to quit)
You feel sick. The death cob hits you.
You feel a lot more hungry. The death cob misses you.
Your hill giant hits the ynoxinul with a giant club!!
The spriggan hits you!
* * * LOW HITPOINT WARNING * * *
The death cob hits you!!
You die...

######################
#.............@......+
#............Ciz.....+
#..###########3####..#
#..#


a#T #..# #..# [# #. #..# #..# X# #T#..# #..# H# ##..# #..# D# #..#
#..################..# You could see a death cob, a deep troll, a soldier ant, a
ynoxinul, a spriggan and a friendly hill giant (berserk).

Vanquished Creatures
  A hydra (D)
  Psyche (D)
  A merfolk (D)
  Prince Ribbit (D)
  A deep elf mage (D)
  2 flying skulls (D)
  3 deep elf fighters (D)
  A fire bat (D)
  An ice beast (D)
  A phantom (D)
  A centaur (D)
  2 brain worms (D)
  A gnoll sergeant (D)
  An orc priest (D)
  2 orc wizards (D)
  A worker ant (D)
  A river rat (D)
  A worm (D)
  5 orcs (D)
  A giant cockroach (D)
  3 jackals (D)
  A kobold (D)
  2 quokkas (D)
  A giant newt (D)
36 creatures vanquished.

Vanquished Creatures (collateral kills)
  A wolf spider (D)
1 creature vanquished.

Grand Total: 37 creatures vanquished

Notes
Turn   | Place    | Note
--------------------------------------------------------------
     0 | D        | Ordine the Troll Berserker began the quest for the Orb.
     0 | D        | Reached XP level 1. HP: 22/22 MP: 0/0
    11 | D        | Noticed a brain worm
    17 | D        | Killed a brain worm
    17 | D        | Reached skill level 5 in Fighting
    17 | D        | Reached skill level 6 in Unarmed Combat
    17 | D        | Reached XP level 2. HP: 28/35 MP: 1/1
    17 | D        | Reached XP level 3. HP: 33/42 MP: 2/2
    17 | D        | Reached XP level 4. HP: 39/50 MP: 3/3
    37 | D        | Acquired Trog's second power
    67 | D        | Found a sacrificial altar of Ru.
    67 | D        | Found a basalt altar of Yredelemnul.
    67 | D        | Found a shadowy altar of Dithmenos.
    67 | D        | Found a deep blue altar of Sif Muna.
    67 | D        | Found a burning altar of Makhleb.
    67 | D        | Found a shimmering altar of Xom.
    67 | D        | Found an ancient bone altar of Kikubaaqudgha.
    67 | D        | Found a sparkling altar of Nemelex Xobeh.
    68 | D        | Found a glowing golden altar of the Shining One.
    68 | D        | Found a bloodstained altar of Trog.
    68 | D        | Found a shattered altar of Ashenzari.
    68 | D        | Found a white marble altar of Elyvilon.
    68 | D        | Found a snail-covered altar of Cheibriados.
    68 | D        | Found a blossoming altar of Fedhas.
    68 | D        | Found a radiant altar of Vehumet.
    68 | D        | Found a glowing silver altar of Zin.
    68 | D        | Found a corrupted altar of Lugonu.
    68 | D        | Found a viscous altar of Jiyva.
    68 | D        | Found a roughly hewn altar of Beogh.
    68 | D        | Found an iron altar of Okawaru.
    74 | D        | Found a stormy altar of Qazlal.
    74 | D        | Found an opulent altar of Gozag.
   128 | D        | Noticed an orc wizard
   128 | D        | Noticed an orc priest
   136 | D        | Acquired Trog's third power
   143 | D        | Killed an orc priest
   143 | D        | Reached skill level 7 in Unarmed Combat
   148 | D        | Killed an orc wizard
   148 | D        | Reached XP level 5. HP: 46/61 MP: 4/4
   149 | D        | Received a gift from Trog
   149 | D        | Reached skill level 8 in Unarmed Combat
   206 | D        | Noticed a flying skull
   207 | D        | Noticed a fire bat
   207 | D        | Noticed a phantom
   211 | D        | Killed a fire bat
   211 | D        | Reached skill level 9 in Unarmed Combat
   211 | D        | Reached XP level 6. HP: 40/72 MP: 5/5
   215 | D        | Noticed Prince Ribbit
   215 | D        | Killed a flying skull
   215 | D        | Reached skill level 10 in Unarmed Combat
   220 | D        | Killed a phantom
   220 | D        | Reached skill level 11 in Unarmed Combat
   220 | D        | Reached XP level 7. HP: 62/83 MP: 6/6
   222 | D        | Killed Prince Ribbit
   222 | D        | Reached skill level 10 in Fighting
   301 | D        | Noticed an ice beast
   311 | D        | Killed an ice beast
   311 | D        | Reached skill level 12 in Unarmed Combat
   324 | D        | Noticed a centaur
   328 | D        | Killed a centaur
   328 | D        | Received a gift from Trog
   330 | D        | Noticed a gnoll sergeant
   338 | D        | Killed a gnoll sergeant
   437 | D        | Noticed a deep elf fighter
   437 | D        | Noticed a worker ant
   437 | D        | Noticed an orc wizard
   441 | D        | Killed an orc wizard
   442 | D        | Killed a deep elf fighter
   442 | D        | Reached XP level 8. HP: 96/96 MP: 7/7
   446 | D        | Killed a worker ant
   585 | D        | Noticed a flying skull
   585 | D        | Noticed a merfolk
   589 | D        | Killed a flying skull
   589 | D        | Reached skill level 13 in Unarmed Combat
   595 | D        | Killed a merfolk
   763 | D        | Noticed a deep elf mage
   764 | D        | Noticed a deep elf fighter
   771 | D        | Noticed Psyche
   772 | D        | Noticed a deep elf fighter
   772 | D        | Killed a deep elf mage
   772 | D        | Received a gift from Trog
   773 | D        | Killed a deep elf fighter
   783 | D        | Killed Psyche
   783 | D        | Reached skill level 14 in Unarmed Combat
   783 | D        | Reached XP level 9. HP: 82/106 MP: 8/8
   784 | D        | Killed a deep elf fighter
   819 | D        | Noticed a brain worm
   845 | D        | Killed a brain worm
  1400 | D        | Noticed a wolf spider
  1400 | D        | Noticed a four-headed hydra
  1400 | D        | Noticed an efreet
  1400 | D        | Noticed a spriggan
  1400 | D        | Noticed a griffon
  1401 | D        | Noticed a death cob
  1401 | D        | Noticed a deep troll
  1402 | D        | Noticed a large abomination
  1403 | D        | Noticed a ynoxinul
  1403 | D        | Noticed a fire dragon
  1405 | D        | Killed a wolf spider
  1405 | D        | Received a gift from Trog
  1409 | D        | Killed a six-headed hydra
  1411 | D        | Noticed a soldier ant
  1413 | D        | Demolished by a death cob

Vault maps used:
D:        pitsprint

Action                   |  1- 3 |  4- 6 |  7- 9 || total
-------------------------+-------+-------+-------++-------
Melee: Unarmed           |     5 |    54 |    53 ||   112
Invok: Berserk           |       |     1 |     4 ||     5
       Brothers in Arms  |       |       |     1 ||     1
  Use: Potion            |       |       |     1 ||     1
  Eat: Chunk             |       |     7 |     8 ||    15
       Meat ration       |       |       |     1 ||     1
